Map: 2000 Atmospheres LE

Players

DRG - Winner!

  • Race: Zerg Zerg

Bunny

  • Race: Terran Terran

Event: TSL 8

VOD

Have the link to the VOD?

Description

Time

  • Played on: Nov. 25, 2021, 4:34 a.m.
  • Length: 22:57

All games in this series

Show
View Real Time Build Order
Export as new Build Order

DRG Zerg - Winner!

Build Orders: Hatch First 

Get SALT Encoding   

  12  0:00  Drone  
  13  0:11  Overlord  
  13  0:16  Drone  
  14  0:29  Drone  
  14  0:30  Drone  
  16  0:47  Hatchery  
  15  0:50  Drone  
  15  0:54  Drone  
  15  0:56  Drone  
  18  1:07  Extractor  
  17  1:12  Spawning Pool  
  17  1:15  Drone  
  17  1:18  Drone  
  18  1:27  Drone  
  19  1:38  Drone  
  20  1:48  Drone  
  21  1:59  Zergling x4, Queen x2  
  27  2:09  Overlord  
  27  2:10  Drone  
  28  2:20  Hatchery  
  28  2:22  Drone  
  28  2:29  Drone  
  29  2:32  Drone  
  29  2:34  Drone  
  31  2:37  Queen  
  31  2:42  Metabolic Boost  
  33  2:47  Overlord  
  33  2:50  Drone  
  34  2:52  Drone  
  34  2:54  Drone  
  36  3:03  Overlord  
  36  3:06  Drone  
  36  3:08  Drone x2  
  36  3:09  Drone  
  40  3:13  Queen  
  40  3:16  Drone  
  40  3:17  Drone  
  44  3:23  Queen  
  44  3:25  Drone  
  47  3:28  Drone  
  47  3:32  Drone  
  49  3:34  Queen  
  49  3:39  Overlord  
  51  3:43  Overlord  
  51  3:49  Overlord  
  51  3:57  Queen  
  51  4:00  Drone x5  
  51  4:02  Overlord  
  58  4:04  Drone x2  
  58  4:06  Drone  
  61  4:11  Drone, Queen  
  61  4:14  Drone  
  61  4:15  Drone  
  61  4:16  Drone  
  67  4:18  Drone  
  67  4:20  Drone x2  
  67  4:23  Drone x2  
  72  4:25  Drone  
  73  4:31  Drone  
  73  4:32  Evolution Chamber  
  73  4:33  Evolution Chamber  
  73  4:34  Drone x2  
  73  4:35  Drone  
  75  4:40  Queen, Extractor  
  76  4:45  Zergling x2  
  76  4:46  Zergling x4  
  76  4:47  Queen  
  76  4:50  Drone  
  82  4:53  Overlord x2  
  82  4:54  Spore Crawler  
  82  4:55  Overlord  
  82  4:57  Overlord  
  81  5:06  Zerg Ground Armor Level 1, Zerg Melee Weapons Level 1  
  81  5:07  Overlord  
  81  5:12  Zergling x2  
  81  5:13  Zergling x12  
  88  5:16  Zergling x4  
  88  5:19  Overlord  
  88  5:21  Zergling x4  
  92  5:24  Lair  
  92  5:25  Zergling x6  
  92  5:28  Queen  
  97  5:34  Zergling x8  
  101  5:41  Drone, Hatchery  
  101  5:43  Baneling Nest  
  101  5:46  Drone x3  
  101  5:48  Drone  
  101  5:49  Drone  
  105  5:54  Drone x2  
  105  5:55  Drone  
  107  5:57  Drone x4, Spore Crawler  
  107  5:58  Spore Crawler  
  108  6:08  Zergling x8  
  98  6:11  Zergling x4  
  98  6:15  Zergling x2  
  98  6:16  Zergling x4  
  103  6:22  Zergling x6  
  105  6:28  Zergling x2  
  105  6:30  Drone  
  105  6:32  Centrifugal Hooks  
  107  6:35  Drone  
  105  6:42  Drone x4  
  102  6:49  Drone x2  
  104  6:54  Queen  
  104  6:55  Drone x3  
  104  6:59  Overlord  
  104  7:00  Zerg Melee Weapons Level 2  
  109  7:03  Drone  
  109  7:04  Drone x3  
  109  7:06  Extractor x2  
  109  7:12  Hatchery  
  109  7:13  Drone x6  
  109  7:14  Extractor  
  109  7:15  Zergling x4, Extractor  
  113  7:19  Spore Crawler, Zerg Ground Armor Level 2  
  114  7:22  Zergling x2  
  114  7:23  Zergling x6  
  114  7:25  Zergling x4  
  114  7:29  Baneling  
  119  7:31  Zergling x14  
  119  7:34  Zergling x2  
  119  7:36  Zergling x6  
  119  7:37  Queen  
  130  7:42  Zergling x2  
  130  7:43  Zergling x4  
  134  7:46  Zergling x2  
  134  7:48  Baneling x5  
  134  7:50  Zergling x6  
  138  7:53  Zergling x6  
  138  7:56  Zergling x6  
  138  7:57  Baneling x5  
  140  8:01  Zergling x8  
  139  8:09  Zergling x10  
  132  8:14  Zergling x4  
  132  8:17  Zergling x4  
  131  8:21  Drone x3  
  131  8:22  Queen x2  
  131  8:24  Hydralisk Den, Extractor  
  136  8:27  Infestation Pit  
  136  8:28  Drone x10  
  136  8:30  Overseer, Baneling x10  
  136  8:34  Drone x4  
  149  8:37  Overlord x2  
  149  8:40  Overseer  
  149  8:42  Overlord  
  149  8:44  Overlord  
  149  8:51  Spore Crawler  
  149  8:52  Overlord x2  
  149  8:55  Overlord x2  
  147  8:58  Zergling x20  
  157  9:02  Zergling x2  
  157  9:03  Zergling x6  
  157  9:06  Muscular Augments  
  157  9:08  Lurker Den  
  157  9:09  Drone x3  
  162  9:11  Drone x2  
  162  9:13  Baneling x6  
  164  9:19  Zerg Missile Weapons Level 1, Hive  
  164  9:20  Zergling x6  
  167  9:24  Zergling x10  
  167  9:28  Zergling x10  
  177  9:34  Zergling x14  
  171  9:41  Zergling x8  
  171  9:45  Hydralisk x5  
  170  9:48  Baneling x8  
  170  9:49  Hydralisk  
  172  9:56  Drone  
  172  9:57  Drone x2  
  172  9:58  Baneling x5  
  175  10:00  Pneumatized Carapace  
  175  10:06  Hydralisk x5  
  184  10:10  Zergling x4  
  184  10:14  Hatchery  
  184  10:15  Zergling x12  
  184  10:19  Zergling x12  
  181  10:21  Zergling x2  
  181  10:22  Zergling x6  
  181  10:24  Baneling x7  
  181  10:27  Zergling x4  
  181  10:28  Zergling x8  
  190  10:30  Zergling x2  
  190  10:31  Zergling x8  
  190  10:32  Baneling x4  
  195  10:35  Seismic Spines  
  195  10:38  Zergling x8  
  195  10:42  Overlord  
  190  10:50  Zergling x4  
  190  10:51  Zergling x20  
  190  10:52  Baneling  
  190  10:53  Baneling x7  
  193  11:01  Zergling x20  
  194  11:07  Viper x2  
  197  11:14  Zerg Ground Armor Level 3  
  197  11:16  Zergling x6  
  199  11:19  Overseer  
  199  11:25  Zerg Missile Weapons Level 2  
  199  11:27  Zergling x2  
  199  11:32  Adaptive Talons  
  199  11:34  Baneling x10  
  194  11:50  Zergling x2  
  194  11:51  Zergling x10  
  196  11:58  Overseer  
  196  11:59  Zergling x4  
  196  12:00  Zergling x6  
  199  12:03  Baneling x11  
  199  12:04  Hatchery  
  198  12:08  Zergling x2  
  199  12:20  Drone x2  
  191  12:29  Baneling x2  
  185  12:38  Zergling x22  
  196  12:45  Zergling x8  
  196  12:50  Baneling x6  
  200  12:51  Burrow  
  200  12:55  Overseer  
  199  13:00  Nydus Network  
  199  13:01  Nydus Network  
  199  13:02  Zergling x4  
  199  13:09  Hatchery  
  199  13:11  Zergling x4  
  191  13:23  Zergling x26  
  191  13:25  Zergling x2  
  191  13:26  Zergling x24  
  195  13:31  Zergling x24  
  195  13:33  Hatchery, Overlord x2  
  195  13:38  Overlord x2  
  193  13:41  Zergling x4  
  193  13:43  Overlord x2  
  193  13:45  Overseer x3  
  193  13:50  Baneling x15  
  193  13:51  Zerg Melee Weapons Level 3, Baneling x5  
  185  14:02  Zergling x40  
  189  14:06  Zergling x10  
  172  14:10  Hydralisk x7  
  172  14:14  Zergling x4  
  172  14:15  Zergling x4  
  163  14:19  Hydralisk x4  
  171  14:24  Hydralisk x6  
  171  14:26  Zerg Missile Weapons Level 3  
  171  14:30  Drone x4  
  187  14:32  Drone x5  
  187  14:37  Zergling x12  
  198  14:43  Baneling x12  
  198  14:44  Zergling x4  
  200  14:48  Baneling x7  
  193  15:03  Zergling x2  
  193  15:04  Zergling x12  
  193  15:06  Spore Crawler  
  199  15:09  Baneling x8, Spore Crawler  
  199  15:12  Spore Crawler  
  197  15:19  Overlord  
  197  15:20  Overseer x2  
  197  15:26  Zergling x6  
  200  15:32  Baneling x10  
  200  15:48  Spire  
  200  15:49  Spire  
  198  15:50  Extractor  
  198  15:51  Drone x4, Spore Crawler, Extractor  
  198  15:52  Drone, Spore Crawler  
  198  15:53  Spine Crawler  
  198  15:55  Spine Crawler  
  197  16:03  Zergling x6  
  188  16:22  Zergling x26  
  188  16:23  Zergling x6  
  183  16:26  Zergling x38  
  183  16:28  Overlord  
  183  16:30  Overseer x2  
  183  16:31  Viper  
  197  16:35  Zergling x4  
  199  16:46  Baneling x9  
  199  16:55  Zergling x2  
  200  17:05  Zerg Flyer Weapons Level 1, Greater Spire  
  122  17:24  Zergling x46  
  122  17:25  Hydralisk x8  
  122  17:26  Zergling x10  
  122  17:29  Zergling x2  
  157  17:30  Viper  
  157  17:33  Overlord x2  
  157  17:34  Overseer  
  157  17:35  Overseer x2  
  160  17:37  Zergling x10  
  160  17:38  Zergling x10  
  160  17:42  Baneling  
  160  17:43  Baneling x18  
  170  17:46  Zergling x14  
  170  17:50  Hatchery, Zergling x8  
  180  17:58  Zergling x18  
  187  17:59  Baneling  
  187  18:00  Baneling x5  
  188  18:05  Zergling x12  
  188  18:08  Queen  
  188  18:09  Zergling x8  
  188  18:10  Zergling x2  
  200  18:17  Baneling x10  
  200  18:27  Overseer x2  
  182  18:28  Zergling x34  
  182  18:33  Zergling x8  
  161  18:37  Hydralisk x5  
  161  18:39  Overlord  
  161  18:40  Overlord  
  157  18:42  Overseer x2  
  157  18:43  Hydralisk x4  
  157  18:47  Zergling x4  
  164  18:50  Spore Crawler  
  164  18:51  Zergling x14  
  164  18:54  Lurker  
  164  18:55  Hydralisk x7, Lurker x2  
  183  18:57  Queen x2  
  191  19:04  Drone x4  
  191  19:05  Zergling x8  
  191  19:08  Baneling x4  
  191  19:09  Baneling x11  
  182  19:31  Unknown  
  182  19:33  Overseer x3  
  182  19:37  Zergling x34  
  175  19:39  Zergling x2  
  175  19:40  Zergling x22  
  175  19:43  Hydralisk x6  
  180  19:48  Zergling x2  
  174  19:52  Hydralisk x2  
  174  19:53  Hydralisk  
  174  19:54  Zergling x2  
  174  19:55  Zergling x20  
  174  19:57  Baneling x4  
  174  19:59  Zergling x2  
  186  20:08  Hydralisk x7  
  186  20:13  Zergling x18  
  187  20:17  Hydralisk x2  
  187  20:20  Zergling x8  
  187  20:21  Zergling x2  
  177  20:27  Zergling x14  
  175  20:30  Lurker x4  
  175  20:34  Hydralisk x3  
  185  20:38  Zergling x8  
  188  20:46  Baneling  
  188  20:47  Baneling x16  
  188  20:48  Zergling x6  
  190  20:56  Hydralisk x4  
  198  21:00  Overseer x3  
  184  21:08  Zergling x2  
  184  21:09  Zergling x22  
  171  21:12  Zergling x2  
  171  21:13  Zergling x14  
  164  21:20  Hydralisk x2  
  164  21:22  Lurker x6  
  174  21:33  Drone x2  
  174  21:34  Drone  
  174  21:39  Zergling x20  
  187  21:46  Hatchery, Baneling  
  184  21:47  Lurker x3  
  184  21:49  Zergling x14  
  191  21:54  Unknown  
  191  21:56  Zergling x16  
  191  21:59  Overlord  
  191  22:00  Overseer x2  
  191  22:01  Zergling x2  
  198  22:06  Zergling x2  
  169  22:15  Overseer x3, Zergling x2  
  169  22:16  Zergling x16  
  169  22:19  Hydralisk x3  
  169  22:20  Zergling x8  
  169  22:21  Zergling x2  
  170  22:25  Zergling x10  
  171  22:31  Hydralisk x2  
  171  22:34  Zergling x10  
  183  22:50  Extractor  
  182  22:51  Extractor  
Show
View Real Time Build Order
Export as new Build Order

Bunny Terran 

Build Orders: Reaper Expand 

Get SALT Encoding   

  12  0:00  SCV  
  13  0:12  SCV  
  14  0:17  Supply Depot  
  14  0:24  SCV  
  15  0:38  SCV  
  15  0:40  Barracks  
  16  0:43  Refinery  
  16  0:50  SCV  
  17  1:02  SCV  
  18  1:14  SCV  
  19  1:26  Orbital Command  
  19  1:28  Reaper  
  20  1:37  Command Center  
  20  1:48  Barracks  
  20  1:52  SCV  
  21  1:59  Supply Depot  
  21  2:01  Barracks Reactor  
  21  2:05  SCV  
  22  2:09  Refinery  
  22  2:18  SCV  
  23  2:24  Factory  
  23  2:30  SCV  
  24  2:38  Marine x2  
  24  2:39  Barracks Tech Lab  
  24  2:42  SCV  
  27  2:48  Orbital Command  
  27  2:54  SCV  
  27  2:57  Stimpack  
  28  3:01  Marine x3  
  31  3:06  SCV  
  31  3:12  Starport  
  32  3:14  SCV  
  32  3:18  Marine  
  32  3:19  Marine  
  35  3:22  Marine  
  35  3:23  SCV  
  35  3:24  Factory Reactor  
  37  3:28  SCV  
  38  3:36  Marine x2  
  38  3:37  Supply Depot  
  38  3:38  SCV  
  38  3:40  SCV, Marine  
  43  3:50  SCV  
  43  3:52  SCV  
  43  3:54  Supply Depot, Marine  
  46  3:58  Marine x2  
  46  4:00  Supply Depot  
  46  4:02  SCV  
  49  4:04  SCV  
  49  4:10  Medivac x2  
  49  4:12  Marine  
  49  4:15  SCV  
  49  4:16  SCV, Marine x2  
  58  4:28  Command Center  
  58  4:31  SCV x2  
  60  4:38  Supply Depot, Combat Shield  
  60  4:39  Marine x3  
  63  4:46  SCV x2  
  63  4:48  Engineering Bay  
  63  4:50  Engineering Bay  
  63  4:52  Medivac  
  67  4:56  Widow Mine  
  69  5:02  Refinery  
  69  5:03  SCV x2, Refinery  
  69  5:05  Marine x2  
  69  5:06  Marine  
  74  5:16  SCV x2  
  74  5:19  Terran Infantry Weapons Level 1, Terran Infantry Armor Level 1  
  76  5:23  Factory Tech Lab  
  76  5:30  SCV x2  
  76  5:32  Supply Depot, Barracks  
  78  5:39  Marine x3  
  78  5:40  Orbital Command  
  81  5:43  Starport Reactor  
  81  5:45  Siege Tank  
  81  5:47  SCV x2  
  84  5:57  Marine x3  
  82  6:15  Marine x3  
  82  6:16  Orbital Command  
  85  6:19  Siege Tank  
  85  6:20  Marine x2  
  85  6:22  Barracks  
  85  6:23  Barracks  
  90  6:28  SCV x2  
  92  6:33  Supply Depot, Marine x3  
  92  6:35  Supply Depot x2  
  92  6:37  Marine  
  92  6:38  Medivac x2  
  92  6:39  Armory  
  100  6:40  SCV  
  100  6:41  SCV  
  99  6:49  SCV  
  99  6:52  SCV  
  101  6:55  SCV, Siege Tank  
  101  6:56  Supply Depot  
  101  6:59  Factory  
  101  7:01  Marine x4  
  108  7:08  Medivac x2  
  108  7:11  Marauder, Barracks Reactor x2  
  108  7:15  SCV x3  
  117  7:19  Marine x4  
  121  7:23  Command Center  
  121  7:30  Terran Infantry Weapons Level 2  
  121  7:34  Marine  
  121  7:36  Marine  
  122  7:37  Marine x3  
  126  7:45  Terran Infantry Armor Level 2  
  126  7:48  SCV x3  
  126  7:49  Refinery x2  
  126  7:50  Supply Depot  
  126  7:51  Supply Depot  
  128  7:53  Marine  
  128  7:54  Marine x3  
  129  8:08  Siege Tank  
  129  8:10  Marine  
  129  8:11  Marine  
  126  8:17  Marine  
  126  8:18  Marine x6  
  126  8:19  SCV x2  
  128  8:20  SCV  
  128  8:24  Factory Reactor  
  128  8:26  Drilling Claws, Concussive Shells  
  128  8:32  SCV  
  128  8:33  SCV x2  
  131  8:39  Marauder, Barracks  
  131  8:41  Widow Mine, Marine x8, Barracks  
  136  8:42  Barracks  
  136  8:45  SCV x3  
  146  8:50  Terran Vehicle Weapons Level 1  
  146  8:51  Supply Depot  
  146  8:59  Marine  
  146  9:00  Marauder, Marine x7  
  156  9:05  Widow Mine x3  
  156  9:09  Sensor Tower  
  162  9:11  SCV  
  162  9:12  SCV  
  162  9:13  SCV  
  162  9:14  Planetary Fortress  
  165  9:21  Marine x5  
  165  9:22  Marauder  
  172  9:25  Supply Depot  
  172  9:26  Supply Depot  
  172  9:28  Marine x3  
  172  9:30  Widow Mine x2  
  172  9:31  Widow Mine  
  180  9:32  Barracks Tech Lab x3  
  175  9:43  Marauder  
  162  9:48  Marine  
  162  9:49  Marine x3  
  162  9:50  Medivac  
  162  9:51  Widow Mine x2, Medivac  
  162  9:52  Widow Mine, Sensor Tower  
  176  9:53  Marauder x3  
  176  9:59  SCV x4  
  186  10:03  Terran Infantry Weapons Level 3  
  186  10:04  Marauder  
  186  10:07  Terran Infantry Armor Level 3  
  186  10:19  Marauder x3  
  192  10:21  Marine  
  192  10:22  Marine x3  
  196  10:38  Refinery  
  196  10:39  Refinery, Ghost Academy  
  196  10:40  Marine  
  196  10:42  Factory  
  196  10:49  Marine x2  
  196  10:54  Marine  
  196  10:56  Medivac  
  196  10:57  Marauder, Widow Mine x2  
  181  11:06  Marauder x2  
  181  11:07  Marauder  
  181  11:09  Siege Tank  
  180  11:16  Marine x7  
  180  11:17  Liberator  
  194  11:20  Terran Vehicle Weapons Level 2  
  190  11:25  Liberator  
  190  11:30  Command Center  
  190  11:31  Command Center  
  193  11:34  Command Center  
  193  11:35  Factory Tech Lab x2  
  191  11:40  Ghost x2  
  195  11:51  Ghost  
  195  11:52  Ghost  
  193  11:55  Siege Tank  
  196  12:17  Siege Tank  
  196  12:24  Missile Turret x2, Ghost  
  196  12:27  Ghost  
  196  12:28  Supply Depot  
  196  12:29  Ghost  
  196  12:32  Missile Turret  
  196  12:34  Missile Turret  
  196  12:42  Siege Tank  
  199  12:49  Orbital Command  
  199  12:50  Orbital Command  
  198  12:52  Hi-Sec Auto Tracking, Neosteel Armor  
  198  12:58  Liberator  
  198  13:01  Liberator  
  198  13:11  Sensor Tower  
  198  13:12  Missile Turret  
  197  13:20  Marauder  
  197  13:21  Siege Tank x2  
  197  13:22  Marine x7  
  197  13:25  Siege Tank  
  147  13:41  Marine x5  
  133  13:50  SCV x3  
  133  13:51  SCV x2  
  133  13:53  Siege Tank  
  133  13:54  Siege Tank  
  133  13:55  Marine x7  
  149  13:57  Siege Tank  
  149  13:58  Marine  
  149  13:59  Marine  
  149  14:00  Orbital Command  
  149  14:02  SCV  
  121  14:11  Marine x2  
  121  14:13  Marauder x3  
  121  14:14  SCV  
  117  14:19  SCV  
  117  14:20  SCV x3  
  121  14:25  Siege Tank  
  121  14:26  SCV  
  125  14:31  SCV  
  125  14:35  Siege Tank x2  
  132  14:39  SCV x2  
  132  14:41  SCV x2, Sensor Tower  
  136  14:57  Medivac x2  
  136  14:58  Siege Tank  
  136  14:59  Refinery  
  143  15:00  Refinery  
  143  15:04  Terran Vehicle Weapons Level 3  
  145  15:07  Siege Tank x2  
  148  15:20  Missile Turret  
  148  15:21  Ghost x2  
  148  15:22  Ghost x2  
  148  15:23  Marine x7  
  148  15:24  Marine  
  164  15:30  Siege Tank  
  167  15:41  Marine x8  
  167  15:42  Personal Cloaking  
  175  15:45  Siege Tank  
  178  15:50  Marine  
  178  15:51  Marauder x2  
  183  15:59  Missile Turret  
  183  16:07  Planetary Fortress  
  180  16:15  Sensor Tower  
  178  16:24  Refinery  
  178  16:25  Refinery  
  167  16:31  SCV x6  
  173  16:34  Liberator  
  173  16:35  Liberator  
  177  16:43  SCV  
  177  16:46  SCV  
  179  16:59  SCV  
  180  17:05  Widow Mine  
  180  17:06  Widow Mine x2  
  192  17:09  Ghost x3  
  155  17:34  SCV  
  156  17:37  Orbital Command  
  156  17:40  Command Center  
  156  17:44  Medivac  
  156  17:46  SCV  
  159  17:58  SCV  
  159  18:03  Medivac  
  162  18:09  Widow Mine x3  
  162  18:10  SCV  
  169  18:14  Medivac, Sensor Tower  
  169  18:15  Ghost x3  
  177  18:20  Orbital Command  
  177  18:22  SCV  
  137  18:48  Marauder x2, Marine  
  140  18:49  Marine x4  
  140  18:50  Marine x2  
  140  18:54  Siege Tank x3  
  154  19:04  Liberator x2  
  154  19:06  Marauder  
  162  19:14  Sensor Tower, Marine x2  
  164  19:17  Missile Turret  
  164  19:25  Planetary Fortress  
  164  19:37  Marauder x4  
  164  19:38  Marine x4  
  152  19:43  Marine  
  152  19:44  Marine x3  
  144  19:56  Marine x3  
  128  20:16  Siege Tank x2  
  128  20:17  Marine  
  128  20:19  Marine x3  
  126  20:31  Siege Tank, Sensor Tower  
  126  20:32  Marauder x3  
  126  20:33  Missile Turret  
  135  20:36  Marine  
  135  20:37  Marine x6  
  142  20:44  Medivac x2  
  142  20:48  Siege Tank x2  
  152  20:52  Orbital Command  
  152  21:03  Siege Tank  
  129  21:12  Ghost x3  
  128  21:20  Siege Tank  
  128  21:21  Marine x5  
  128  21:22  Marine  
  137  21:34  Marine x3  
  137  21:36  Widow Mine  
  137  21:38  Widow Mine  
  137  21:39  Marine x5  
  149  21:41  Marauder x3  
  148  21:50  Medivac  
  148  21:51  Medivac, Marine  
  148  21:52  Marine x3  
  155  22:00  Marine x4  
  159  22:04  Marauder  
  161  22:10  Marine x5  
  102  22:22  Siege Tank  
  102  22:26  Marine  
  98  22:32  Marine x2  
Tags
 
Add a new tag
Caveats
  • Supply blocks, unpowered buildings, or Contaminate may cause inaccurate times.
  • Supply counts are checked every 10 seconds.